 Dungeon Crawl Stone Soup version 0.32-a0-135-g14f8b2e1af (webtiles) character file.

Game seed: 15147260054588786568

55917 iamserjio the Thaumaturge (level 14, 80/111 HPs)
             Began as a Demigod Summoner on Feb 10, 2024.
             Quit the game on level 5 of the Lair of Beasts.
             The game lasted 01:13:06 (6439 turns).

iamserjio the Thaumaturge (Demigod Summoner)        Turns: 6439, Time: 01:13:07

Health: 80/111     AC: 13    Str:  9    XL:     14   Next: 7%
Magic:  11/35      EV: 19    Int: 33    God:
Gold:   282        SH:  0    Dex: 11    Spells: 12/37 levels left

rFire   + . .        X - +3 demon whip (freeze)
rCold   . . .        (no shield)
rNeg    + + +        y - +2 robe of Ytihecok {Rampage rF+ Will+}
rPois   +            e - +1 helmet
rElec   .            D - +2 cloak of Honour {rPois rN+++ Will++ Dex-3}
rCorr   .            k - +1 pair of gloves
SInv    .            o - +1 pair of boots
Will    ++++.        i - amulet of regeneration
Stlth   ++           E - ring of wizardry
HPRegen 1.18/turn    V - +5 ring of evasion
MPRegen 0.24/turn

%: rampage, wizardry (x1)
@: mighty, studying 2 skills
A: high MP 1, forlorn, divine attributes
a: no special abilities


You were on level 5 of the Lair of Beasts.
You visited 4 branches of the dungeon, and saw 22 of its levels.
You also visited: Ossuary and Bailey.

You collected 1652 gold pieces.
You spent 1370 gold pieces at shops.

Inventory:

Hand Weapons
 a - a +0 broad axe
 r - a +0 hand cannon of electrocution
 Q - a +3 morningstar
 X - a +3 demon whip of freezing (weapon)
Missiles
 H - a curare-tipped dart
 K - 6 throwing nets (quivered) {!f}
Armour
 e - a +1 helmet (worn)
 k - a +1 pair of gloves (worn)
 o - a +1 pair of boots (worn)
 x - a +2 robe of cold resistance
 y - the +2 robe of Ytihecok (worn) {Rampage rF+ Will+}
   (You found it on level 5 of the Lair of Beasts)

   rF+:       It protects you from fire.
   Will+:     It increases your willpower.
   Rampage:   It bestows one free step when moving towards enemies.
 z - a +8 chain mail of ponderousness
 D - the +2 cloak of Honour (worn) {rPois rN+++ Will++ Dex-3}
   (You bought it in a shop on level 2 of the Orcish Mines)

   Dex-3:     It affects your dexterity (-3).
   rPois:     It protects you from poison rN+++: It renders you almost immune to
   negative energy.
   Will++:    It greatly increases your willpower.
 U - +0 acid dragon scales
Magical Staves
 T - a staff of alchemy
Jewellery
 i - an amulet of regeneration (around neck)
 j - a ring of resist corrosion
 t - an amulet of reflection
 E - a ring of wizardry (left hand)
 M - a +4 ring of protection
 O - a ring of ice
 V - a +5 ring of evasion (right hand)
 W - an amulet of magic regeneration
 Y - a ring of magical power
Wands
 c - a wand of iceblast (1) {@v2}
 l - a wand of flame (9)
Scrolls
 f - 2 scrolls of torment
 q - 4 scrolls of teleportation {@r3}
 u - 2 scrolls of amnesia
 v - 2 scrolls of fear
 B - a scroll of silence
 C - 3 scrolls of vulnerability
 G - 5 scrolls of blinking {@r4}
 R - 2 scrolls of butterflies
 S - 2 scrolls of fog
Potions
 b - 4 potions of magic
 d - 5 potions of curing {@q1}
 g - 4 potions of heal wounds {@q2}
 h - 2 potions of might {@q3}
 m - 2 potions of haste {@q4}
 n - 3 potions of invisibility
 p - 2 potions of cancellation
 s - a potion of brilliance
 w - 3 potions of enlightenment
 A - 3 potions of mutation
 F - a potion of lignification
 P - 2 potions of attraction {unknown}
 Z - 2 potions of berserk rage {unknown}
Miscellaneous
 L - a phial of floods


   Skills:
 + Level 6.3 Fighting
 * Level 9.8 Maces & Flails
 - Level 7.0 Dodging
 - Level 1.7 Stealth
 - Level 12.0 Spellcasting
 - Level 11.2 Summonings
 - Level 2.0 Fire Magic
 - Level 9.7 Ice Magic
 - Level 5.0 Air Magic
 - Level 5.0 Alchemy
 - Level 2.0 Evocations


You had 12 spell levels left.
You knew the following spells:

 Your Spells              Type           Power      Damage    Failure   Level
a - Ozocubu's Armour      Ice            71%        N/A       1%          3
b - Call Imp              Summ           100%       N/A       1%          2
c - Call Canine Familiar  Summ           76%        N/A       1%          3
d - Summon Lightning Spi  Summ/Air       65%        N/A       1%          4
e - Summon Blazeheart Go  Fire/Summ      59%        N/A       1%          4
f - Summon Ice Beast      Ice/Summ       73%        N/A       1%          3
g - Sculpt Simulacrum     Ice/Alch       31%        N/A       7%          6

Your spell library contained the following spells:

 Spells                   Type           Power      Damage    Failure   Level
 Summon Small Mammal      Summ           100%       N/A       0%          1
 Apportation              Tloc           38%        N/A       1%          1
 Necrotise                Necr           76%        1d7       1%          1
 Slow                     Hex            76%        N/A       1%          1
 Sting                    Conj/Alch      100%       1d9       1%          1
 Hailstorm                Conj/Ice       51%        3d10      1%          3
 Confusing Touch          Hex            19%        N/A       2%          3
 Sigil of Binding         Hex            19%        N/A       2%          3
 Vampiric Draining        Necr           19%        2d7       2%          3
 Metabolic Englaciation   Hex/Ice        25%        N/A       3%          5


Dungeon Overview and Level Annotations

Branches:
Dungeon (14/15) Zot: 25821  Temple (0/1) D:4            Lair (5/5) D:10 Zot: 26575
  Slime (0/5) Lair:4          Orc (2/2) D:12 Zot: 11355     Elf (1/3) Orc:2 Zot: 5998
Ossuary (visited)          Bailey (visited)
  Swamp: Lair:2-3    Shoals: Lair:2-3     Snake: Lair:2-3    Spider: Lair:2-3
 Vaults: D:13-14

Shops:
D:2 !   D:5 (   D:9 ?   Orc:1 [   Orc:2 ![!([

Annotations:
D:8 1 runed translucent door, heinrich's ghost, novice TrMo
Lair:5 2 runed translucent doors
Orc:1 Erolcha


Innate Abilities, Weirdness & Mutations

You have an increased reservoir of magic. (+10% MP)
You shall have no god before yourself.
Your divine heritage dramatically boosts your attributes as you level up.


Message History

You whack the komodo dragon! You freeze the komodo dragon.
You kill the komodo dragon!
Your lightning spire shoots out a bolt of lightning at the eight-headed hydra!
The bolt of electricity hits the eight-headed hydra!! x2
The bolt of electricity hits your lightning spire.
Your lightning spire completely resists.
You thrash the eight-headed hydra!!
The eight-headed hydra seems to slow down.
You freeze the eight-headed hydra.
The eight-headed hydra closely misses you.
The eight-headed hydra barely misses you.
The eight-headed hydra closely misses you.
The eight-headed hydra bites you. The eight-headed hydra bites you!
* * * LOW HITPOINT WARNING * * *
The eight-headed hydra bites you.
* * * LOW HITPOINT WARNING * * *
The eight-headed hydra misses you. x2
You hit the eight-headed hydra. You freeze the eight-headed hydra.
You kill the eight-headed hydra!
You thrash the komodo dragon!!
The komodo dragon seems to slow down.
You freeze the komodo dragon. You whack the komodo dragon!
You freeze the komodo dragon. The komodo dragon closely misses you.
Your lightning spire shoots out a bolt of lightning at the komodo dragon!
The bolt of electricity hits the komodo dragon.
The bolt of electricity hits the komodo dragon!
The komodo dragon dies!
The bolt of electricity hits your lightning spire.
Your lightning spire completely resists.
The fire dragon roars deafeningly!
Found four items.
A lava snake comes into view.
The lava snake hisses angrily.
You hear an angry hiss.
A lava snake comes into view.
The lava snake spits lava at you. The glob of lava misses you.
A molten gargoyle comes into view. It is wielding a +0 flail.
Found a large runed translucent door.
The molten gargoyle blasts magma at you!
The bolt of magma misses you.

###≈ #ß#ß ##..## ##≈≈§
##.####....# ≈≈§≈#
#ß.........#
#≈§≈####.........##
#≈§≈≈##..........##
##≈≈≈≈§...........≈#
ß##≈...#..........≈##
..#...≈##...##....S≈#
I..#≈§≈≈§#.≈≈§#.@.S≈#
...##≈≈§≈≈≈..§≈....≈§≈#
....##≈######.≈....≈§§#
....§§##!...##≈≈....≈≈#
...≈§≈#[$....#≈9≈....≈ß#
...≈≈≈#[.....+.....§§≈##
...§≈≈#$.....+§....§≈≈.#
...#§≈#$$....#≈§≈..§§≈##
.###≈§## ...#


You could see a molten gargoyle and 2 lava snakes.

Vanquished Creatures
  A hydra (Lair:5)
  4 ogre magi (Orc:2)
  A centaur warrior (D:13)
  14 two-headed ogres (Orc:2)
  3 death yaks (Lair:2)
  A skyshark (Lair:3)
  2 lindwurms (Lair:5)
  2 elephants (Lair:2)
  A black mamba (Lair:1)
  A molten gargoyle (Lair:5)
  3 komodo dragons (Lair:5)
  A kobold demonologist (D:11)
  A troll (D:12)
  A hornet (D:9)
  5 blink frogs
  A wraith (D:13)
  A water elemental (D:12)
  2 wyverns
  A steam dragon (D:7)
  7 yaks
  A redback (Lair:2)
  A warg (Orc:2)
  An acid dragon (D:12)
  A hell hound (Lair:5)
  4 water moccasins
  An orc warrior (D:5)
  A wolf (Bailey)
  12 ogres (Orc:2)
  6 centaurs
  A phantom (D:5)
  A kobold brigand (D:8)
  2 bullfrogs
  5 gnoll sergeants (Bailey)
  4 scorpions
  A wight (D:8)
  A killer bee (D:9)
  A bombardier beetle (D:5)
  3 centaur zombies (Ossuary)
  A hound (D:5)
  2 jellies
  2 lava snakes (Lair:5)
  4 gnoll boudas
  5 orc priests
  A human zombie (Ossuary)
  3 iguanas (D:5)
  A sleepcap (D:5)
  A scorpion zombie (Ossuary)
  7 orc wizards
  2 mummies (Ossuary)
  13 gnolls
  2 adders
  A white imp (D:5)
  An ufetubus (D:6)
  A dart slug (D:3)
  5 ribbon worms
  13 orcs
  2 ball pythons
  3 endoplasms
  2 giant cockroaches
  2 gnoll zombies (Ossuary)
  2 goblins
  2 hobgoblins
  5 jackals
  3 ball python zombies (Ossuary)
  A frilled lizard (D:1)
  A goblin skeleton (D:8)
  3 hobgoblin zombies (D:8)
  2 jackal zombies (Ossuary)
  9 kobolds
  2 orc zombies (Ossuary)
  3 rats
207 creatures vanquished.

Vanquished Creatures (collateral kills)
  An orc warlord (Orc:2)
  The ghost of Sixotir the Destroyer, a journeyman DsCj of Sif Muna (D:12)
  A hydra (Lair:5)
  3 two-headed ogres
  3 centaur warriors
  2 death yaks (Lair:2)
  A tengu warrior (D:13)
  A skyshark (Lair:5)
  2 orc sorcerers
  A deep elf pyromancer (D:12)
  An ugly thing (D:11)
  2 cyclopes (D:12)
  6 black mambas
  A molten gargoyle (Lair:5)
  2 elephants (Lair:2)
  2 gargoyles (D:13)
  13 cane toads
  11 komodo dragons
  A troll (D:14)
  12 blink frogs
  11 yaks
  2 wyverns
  2 steam dragons (Lair:5)
  A redback (Lair:2)
  A warg (D:12)
  2 vampire mosquitoes (D:12)
  2 acid dragons
  5 water moccasins
  2 hell hounds (Lair:5)
  An ice beast (D:5)
  11 orc warriors
  A black bear (D:6)
  9 ogres (Orc:2)
  4 wolves (Bailey)
  9 centaurs
  A phantom (D:7)
  2 bullfrogs
  3 kobold brigands
  Blork the orc (D:6)
  3 scorpions (Ossuary)
  2 gnoll sergeants (Bailey)
  4 wights (D:8)
  5 killer bees (D:9)
  A centaur zombie (Ossuary)
  A crimson imp (D:8)
  7 orc priests
  4 gnoll boudas (Bailey)
  4 hounds
  A jelly (D:5)
  Jessica (D:2)
  2 scorpion zombies (Ossuary)
  4 orc wizards
  A mummy (Ossuary)
  18 gnolls
  5 adders
  2 white imps
  An ufetubus (D:6)
  2 adder zombies (Ossuary)
  3 ribbon worms
  42 orcs
  3 endoplasms
  5 goblins
  6 hobgoblins
  A jackal (D:2)
  17 kobolds
  A quokka (D:3)
  A ball python (D:1)
  2 bats
  2 frilled lizards
  A goblin skeleton (D:8)
  2 jackal zombies (Ossuary)
  2 orc skeletons (D:8)
  An orc zombie (D:8)
  2 rats
296 creatures vanquished.

Vanquished Creatures (others)
  A black mamba (Lair:5)
1 creature vanquished.

Grand Total: 504 creatures vanquished

Notes
Turn   | Place    | Note
-------+----------+-------------------------------------------
     0 | D:1      | iamserjio the Demigod Summoner began the quest for the Orb.
     0 | D:1      | Reached XP level 1. HP: 14/14 MP: 5/5
   155 | D:2      | Reached skill level 2 in Spellcasting
   155 | D:2      | Reached XP level 2. HP: 10/20 MP: 1/7
   217 | D:2      | Learned a level 2 spell: Call Imp
   244 | D:2      | Reached skill level 1 in Air Magic
   292 | D:2      | Noticed Jessica
   298 | D:2      | Killed Jessica
   299 | D:2      | Reached XP level 3. HP: 26/26 MP: 3/9
   365 | D:3      | Learned a level 3 spell: Call Canine Familiar
   466 | D:3      | Reached XP level 4. HP: 27/33 MP: 3/10
   474 | D:2      | Found Asonemn's Distillery.
   640 | D:2      | Bought a potion of haste for 120 gold pieces
   773 | D:5      | Entered Level 5 of the Dungeon
   914 | D:4      | Reached skill level 5 in Summonings
   914 | D:4      | Reached XP level 5. HP: 38/38 MP: 6/12
   942 | D:4      | Found a sand-covered staircase.
   946 | Ossuary  | Entered an ossuary
   977 | Ossuary  | Reached skill level 3 in Spellcasting
   984 | Ossuary  | Reached skill level 1 in Fighting
   984 | Ossuary  | Reached XP level 6. HP: 47/47 MP: 9/13
  1109 | Ossuary  | Reached XP level 7. HP: 53/55 MP: 13/15
  1286 | D:4      | Found a staircase to the Ecumenical Temple.
  1335 | D:4      | Learned a level 4 spell: Summon Lightning Spire
  1467 | D:5      | Reached skill level 4 in Spellcasting
  1547 | D:5      | Reached XP level 8. HP: 57/61 MP: 9/17
  1612 | D:5      | Learned a level 4 spell: Summon Blazeheart Golem
  1640 | D:5      | Found Jalih's Antique Weapon Shop.
  1687 | D:6      | Reached skill level 1 in Fire Magic
  1707 | D:6      | Reached skill level 5 in Spellcasting
  1806 | D:7      | Reached skill level 1 in Evocations
  1843 | D:7      | Reached XP level 9. HP: 64/67 MP: 10/20
  1903 | D:7      | Found a flagged portal.
  1908 | Bailey   | Entered a bailey
  2139 | Bailey   | Reached skill level 6 in Spellcasting
  2237 | Bailey   | Identified the +1 dagger "Cubim" {venom, Will+ Dex+2}
  2242 | Bailey   | Reached skill level 10 in Summonings
  2486 | D:6      | Reached skill level 5 in Air Magic
  2500 | D:6      | Noticed Blork the orc
  2505 | D:6      | Killed Blork the orc
  2684 | D:8      | Found a runed translucent door.
  2688 | D:8      | Identified the +2 trident of Ismaly {heavy, rElec}
  2690 | D:8      | Noticed heinrich's ghost (novice TrMo)
  2853 | D:9      | Reached XP level 10. HP: 73/73 MP: 12/22
  2999 | D:9      | Found Kigyro's Magic Scroll Shoppe.
  3037 | D:9      | Bought a scroll of butterflies for 64 gold pieces
  3037 | D:9      | Bought a scroll of teleportation for 48 gold pieces
  3037 | D:9      | Bought a scroll of fog for 64 gold pieces
  3037 | D:9      | Bought a scroll of teleportation for 48 gold pieces
  3037 | D:9      | Bought a scroll of fog for 64 gold pieces
  3037 | D:9      | Bought a scroll of poison for 64 gold pieces
  3069 | D:10     | Entered Level 10 of the Dungeon
  3273 | D:10     | Found a staircase to the Lair.
  3273 | D:10     | Noticed a fire crab
  3523 | D:12     | Noticed a deep elf pyromancer
  3527 | D:12     | Killed a deep elf pyromancer
  3535 | D:12     | Noticed Sixotir's ghost (journeyman DsCj)
  3572 | D:12     | Noticed a cyclops
  3577 | D:12     | Killed a cyclops
  3578 | D:12     | Reached skill level 5 in Dodging
  3603 | D:13     | Noticed a centaur warrior
  3614 | D:13     | Killed a centaur warrior
  3659 | D:12     | Found a runed translucent door.
  3739 | D:14     | Noticed a centaur warrior
  3749 | D:14     | Killed a centaur warrior
  3750 | D:14     | Reached skill level 7 in Spellcasting
  3821 | D:14     | Noticed a six-headed hydra
  3861 | D:13     | Noticed a tengu warrior
  3876 | D:13     | Killed a tengu warrior
  3877 | D:13     | Reached XP level 11. HP: 84/84 MP: 18/26
  3900 | D:13     | Noticed a centaur warrior
  3910 | D:13     | Killed a centaur warrior
  3945 | D:13     | Noticed a centaur warrior
  3986 | D:13     | Learned a level 3 spell: Summon Ice Beast
  3996 | D:13     | Killed a centaur warrior
  3997 | D:13     | Reached skill level 1 in Ice Magic
  4153 | D:12     | Noticed a two-headed ogre
  4449 | D:12     | Killed Sixotir's ghost
  4450 | D:12     | Reached skill level 8 in Spellcasting
  4606 | D:12     | Reached skill level 5 in Ice Magic
  4674 | D:12     | Found a staircase to the Orcish Mines.
  4682 | D:12     | Killed a two-headed ogre
  4692 | D:12     | Learned a level 6 spell: Sculpt Simulacrum
  4698 | Orc:1    | Entered Level 1 of the Orcish Mines
  4701 | Orc:1    | Noticed an orc knight
  4701 | Orc:1    | Noticed Erolcha
  4704 | Orc:2    | Entered Level 2 of the Orcish Mines
  4704 | Orc:2    | Found a staircase to the Elven Halls.
  4712 | Orc:2    | Noticed an orc warlord
  4754 | Orc:2    | Found Wiekuco's Distillery.
  4778 | Orc:2    | Noticed a two-headed ogre
  4780 | Orc:2    | Noticed a two-headed ogre
  4780 | Orc:2    | Noticed an ogre mage
  4780 | Orc:2    | Noticed a two-headed ogre
  4782 | Orc:2    | Noticed a two-headed ogre
  4783 | Orc:2    | Noticed a two-headed ogre
  4783 | Orc:2    | Killed a two-headed ogre
  4783 | Orc:2    | Noticed an ogre mage
  4784 | Orc:2    | Reached skill level 1 in Alchemy
  4784 | Orc:2    | Noticed a two-headed ogre
  4784 | Orc:2    | Noticed an ogre mage
  4784 | Orc:2    | Noticed an ogre mage
  4784 | Orc:2    | Killed a two-headed ogre
  4784 | Orc:2    | Noticed a two-headed ogre
  4785 | Orc:2    | Noticed a two-headed ogre
  4785 | Orc:2    | Noticed a two-headed ogre
  4785 | Orc:2    | Killed a two-headed ogre
  4786 | Orc:2    | Reached skill level 9 in Spellcasting
  4787 | Orc:2    | Killed an ogre mage
  4787 | Orc:2    | Killed a two-headed ogre
  4787 | Orc:2    | Killed an ogre mage
  4787 | Orc:2    | Killed a two-headed ogre
  4787 | Orc:2    | Killed a two-headed ogre
  4787 | Orc:2    | Killed a two-headed ogre
  4787 | Orc:2    | Killed a two-headed ogre
  4787 | Orc:2    | Killed an ogre mage
  4787 | Orc:2    | Killed an ogre mage
  4787 | Orc:2    | Killed a two-headed ogre
  4787 | Orc:2    | Killed a two-headed ogre
  4787 | Orc:2    | Killed a two-headed ogre
  4788 | Orc:2    | Reached XP level 12. HP: 81/91 MP: 24/30
  4795 | Orc:2    | Reached skill level 10 in Spellcasting
  4797 | Orc:2    | Reached skill level 5 in Alchemy
  4813 | Orc:2    | Killed an orc warlord
  4951 | Orc:2    | Found Neujuer's Antique Armour Boutique.
  4951 | Orc:2    | Found Uhubluar's Distillery.
  4954 | Orc:2    | Found Saviluac's Armour Shop.
  4954 | Orc:2    | Found Quoqam's Antique Weapon Emporium.
  5144 | Orc:1    | Found Descheom's Armour Emporium.
  5221 | Elf:1    | Entered Level 1 of the Elven Halls
  5248 | Orc:2    | Bought a masterwork cloak for 266 gold pieces
  5248 | Orc:2    | Identified the +2 cloak of Honour {rPois rN+++ Will++
                  | Dex-3} (You bought it in a shop on level 2 of the Orcish
                  | Mines)
  5254 | Orc:2    | Bought a runed demon whip for 450 gold pieces
  5260 | Orc:2    | Learned a level 3 spell: Ozocubu's Armour
  5278 | Orc:2    | Bought a potion of invisibility for 112 gold pieces
  5278 | Orc:2    | Bought a potion of heal wounds for 70 gold pieces
  5436 | Lair:1   | Entered Level 1 of the Lair of Beasts
  5483 | Lair:1   | Reached XP level 13. HP: 96/96 MP: 20/32
  5698 | Lair:2   | Reached skill level 11 in Spellcasting
  5822 | Lair:2   | Reached skill level 1 in Maces & Flails
  5884 | Lair:2   | Reached skill level 5 in Maces & Flails
  5983 | Lair:5   | Entered Level 5 of the Lair of Beasts
  6001 | Lair:5   | Identified the +2 robe of Ytihecok {Rampage rF+ Will+}
  6015 | Lair:5   | Reached skill level 5 in Fighting
  6131 | Lair:5   | Reached skill level 12 in Spellcasting
  6385 | Lair:5   | Reached XP level 14. HP: 45/110 MP: 3/35
  6437 | Lair:5   | Found a large runed translucent door.
  6437 | Lair:5   | Found a large runed translucent door.
  6439 | Lair:5   | Quit the game

Illustrated notes

Levels and vault maps discovered:
D:1:      dpeg_arrival_morbid_curiosity, layout_rooms,
          shapermc_ecumenical_altar_flowoftime, minmay_fountain_box,
          minmay_small_reverse_x
D:2:      layout_rooms, serial_shops, nicolae_shop_window_shopping, basic_altar,
          uniq_jessica
D:3:      layout_loops_cross, nicolae_wormholes
D:4:      layout_layer_cave, cheibrodos_ashenzari_chains,
          mainiacjoe_overflow_tiny_flanked, nicolae_dithmenos_shadow_blocks,
          minmay_temple_entry_slanted, lightli_ossuary_entry_decrepit_ruins,
          kennysheep_small_spiral, glass_columns_a
D:5:      layout_rooms, okawaru_metal_pillars_1_2,
          nicolae_wu_jian_immortal_techniques, serial_shops,
          nicolae_shop_tiny_real_fake_doors, serial_rivers,
          chequers_serial_rivers_small_b, chequers_serial_rivers_room_a,
          chequers_serial_rivers_marsh, chequers_serial_rivers_micro_c,
          minmay_manual_mail
D:6:      layout_cave_pools, slow_altar_1, uniq_blork_the_orc
D:7:      layout_loops_ring, mainiacjoe_overflow_boulevard, serial_shops, shop,
          enter_bailey_3
D:8:      layout_basic, lemuel_doored_altar, nicolae_tso_besieged_by_evil,
          nicolae_qazlal_scattered_showers, ebering_ghost_funeral_grove,
          nicolae_the_louvre
D:9:      layout_small_grid, serial_shops, shop, gammafunk_ghost_smash,
          grunt_livestock
D:10:     layout_stronghold, mainiacjoe_overflow_concentric_impassable,
          minmay_lair_entry_lava
D:11:     layout_loops_ring
D:12:     layout_roguey, erik_orc_2, hellmonk_ghost_happy_afterlife
D:13:     layout_irregular_city, hive_lemuel
D:14:     layout_gridville, grunt_vaults_entry_tiered, nicolae_tricolors,
          uniq_kirke, uniq_nessos
Lair:1:   layout_cave_shapes, beast_lair_carwin_6
Lair:2:   layout_regular_city, spider_nest_entry_webs, serial_bayou_shore_a,
          grunt_megastairs_2, lemuel_fruit_tree
Lair:3:   layout_regular_city, swamp_mist_pool, cheibrodos_lair_caveside_slide
Lair:4:   layout_regular_city, slime_entry_1, fungi_pond_lemuel,
          chequers_serial_rivers_micro_b
Lair:5:   cheibrodos_lair_end_hotspot, layout_cave_pods,
          nicolae_quartered_pool_medium, serial_bayou_ford_a
Orc:1:    layout_caves, serial_shops, shop, nicolae_orc_rich_vein, uniq_erolcha
Orc:2:    st_orc_ogre_mass, layout_caves, serial_shops,
          nicolae_shop_tiny_statue_garden
Elf:1:    minmay_elf_arrival_circle, layout_gridlike, serial_shops, shop,
          nicolae_shop_waterfront, nicolae_shop_drivethru, shop,
          portal_desolation_entry_ruin, nicolae_elf_crossing_hall

Skill      XL: |  1  2  3  4  5  6  7  8  9 10 11 12 13 |
---------------+----------------------------------------+-----
Spellcasting   | 2 3 4 5 6 7 9 10 12 | 12.0
Summonings     | 4 5 6 7 8 11 | 11.2
Air Magic      | 1 2 3 4 5 |  5.0
Fighting       | 1 2 4 6 |  6.3
Fire Magic     | 2 |  2.0
Evocations     | 1 2 |  2.0
Dodging        | 2 6 7 |  7.0
Ice Magic      | 8 9 |  9.7
Alchemy        | 4 5 |  5.0
Maces & Flails | 9 |  9.8
Stealth        | |  1.7

Action                     |  1- 3 |  4- 6 |  7- 9 | 10-12 | 13-15 || total
---------------------------+-------+-------+-------+-------+-------++-------
  Melee: Dagger            |    51 |    33 |       |       |       ||    84
         Unarmed           |     5 |       |       |       |       ||     5
         Mace              |     4 |       |       |       |       ||     4
         Punch             |     3 |     2 |       |     1 |    16 ||    22
         Demon whip        |       |       |       |    13 |   120 ||   133
   Fire: Hand cannon       |       |    42 |   266 |   160 |    92 ||   560
  Throw: Throwing net      |       |       |       |     5 |       ||     5
         Dart              |       |       |       |     1 |       ||     1
   Cast: Summon Small Mamm |    19 |     1 |       |       |       ||    20
         Call Imp          |     5 |    11 |    19 |     6 |       ||    41
         Call Canine Famil |     1 |     9 |    20 |     9 |     1 ||    40
         Summon Lightning  |       |       |    22 |    55 |    29 ||   106
         Summon Blazeheart |       |       |     6 |       |     1 ||     7
         Summon Ice Beast  |       |       |       |    14 |     7 ||    21
         Sculpt Simulacrum |       |       |       |     1 |    14 ||    15
  Evoke: Wand              |       |       |    14 |    14 |     1 ||    29
    Use: Potion            |       |       |     2 |     2 |     6 ||    10
         Scroll            |       |       |     8 |    16 |     6 ||    30
   Stab: Distracted        |     1 |       |       |     1 |     3 ||     5
         Sleeping          |     1 |     1 |       |       |       ||     2
         Invisible         |       |       |       |       |     3 ||     3
 Armour: Robe              |    33 |    81 |   161 |    55 |   179 ||   509
         Acid dragon scale |       |       |       |   149 |       ||   149
  Dodge: Dodged            |    44 |    72 |   129 |   288 |   344 ||   877

Table legend: (Time is in decaauts)
 A = Elapsed time spent in this place.
 B = Non-inter-level travel time spent in this place.
 C = Inter-level travel time spent in this place.
 D = Time resting spent in this place.
 E = Time spent auto-exploring this place.
 F = Levels seen in this place.
 G = Mean time per level.
                   A        B        C        D        E       F      G
               +--------+--------+--------+--------+--------+-----+--------+
         Total |   6915 |   6323 |    592 |     15 |      3 |  24 |  288.1 |
       Dungeon |   4321 |   3824 |    497 |     12 |      3 |  14 |  308.6 |
          Lair |   1049 |   1049 |      0 |      3 |      0 |   5 |  209.8 |
  Orcish Mines |    644 |    549 |     95 |      0 |      0 |   2 |  322.0 |
   Elven Halls |      1 |      1 |      0 |      0 |      0 |   1 |    1.0 |
       Ossuary |    348 |    348 |      0 |      0 |      0 |   1 |  348.0 |
        Bailey |    548 |    548 |      0 |      0 |      0 |   1 |  548.0 |
               +--------+--------+--------+--------+--------+-----+--------+

Top non-repeatable levels by time:
    D:12: 654 daAuts
  Bailey: 548 daAuts
   Orc:2: 494 daAuts
    D:13: 427 daAuts
  Lair:5: 411 daAuts
    D:10: 397 daAuts
     D:5: 364 daAuts
     D:7: 352 daAuts
 Ossuary: 348 daAuts
  Lair:1: 326 daAuts
     D:4: 285 daAuts
     D:2: 285 daAuts
  Lair:2: 254 daAuts
     D:8: 252 daAuts
    D:11: 252 daAuts
